 Dungeon Crawl Stone Soup version 0.26-a0-652-gafc20e3620 (webtiles) character file.

Game seed: 10952573838411604834

1654 ringo67 the Grappler (level 9, 0/64 HPs)
             Began as an Octopode Fighter on Oct 3, 2020.
             Was a Believer of Ru.
             Slain by a hippogriff (9 damage)
             ... on level 8 of the Dungeon.
             The game lasted 00:13:28 (10014 turns).

ringo67 the Grappler (Octopode Fighter)            Turns: 10014, Time: 00:13:29

Health: 0/64       AC:  1    Str: 19    XL:     9   Next: 0%
Magic:  9/9        EV: 11    Int: 10    God:    Ru [**....]
Gold:   419        SH: 10    Dex: 11    Spells: 8/8 levels left

rFire    . . .     SeeInvis .   d - +11 spear of the Spider Nest {flame, rElec}
rCold    . . .     Faith    .   a - +1 kite shield
rNeg     . . .     Spirit   .   (helmet restricted)
rPois    .         Reflect  .   (no amulet)
rElec    +         Harm     .   (no ring)
rCorr    .         Rampage  .   (no ring)
MR       .....                  (no ring)
Stlth    ++........             (no ring)
HPRegen  0.20/turn              (no ring)
MPRegen  0.11/turn              (no ring)
                                (no ring)
                                (no ring)

@: no status effects
A: almost no armour, stealthy swim, amphibious, 8 rings, constrict 8, camouflage
1, gelatinous body 1, inability to use devices
a: Renounce Religion


You were on level 8 of the Dungeon.
You worshipped Ru.
Ru was pleased with you.
You visited 2 branches of the dungeon, and saw 10 of its levels.

You collected 419 gold pieces.

Inventory:

Hand Weapons
 d - the +11 spear of the Spider Nest (weapon) {flame, rElec}
   (You found it on level 5 of the Dungeon)

   It has been specially enchanted to burn those struck by it, causing extra
   injury to most foes and up to half again as much damage against particularly
   susceptible opponents.
   It insulates you from electricity.
Missiles
 h - 4 boomerangs
 r - 25 poisoned darts (quivered)
Armour
 a - a +1 kite shield (worn)
Wands
 y - a wand of iceblast (11)
 A - a wand of acid (13)
Scrolls
 c - 9 scrolls of remove curse
 f - 5 scrolls of teleportation
 j - a scroll of random uselessness
 m - 2 scrolls of amnesia
 n - 2 scrolls of enchant armour
 p - a scroll of immolation
 x - a scroll of fear {unknown}
 B - a scroll of identify
 C - a scroll of enchant weapon {unknown}
Potions
 b - 2 potions of might
 g - a potion of cancellation
 i - a potion of flight
 l - 2 potions of stabbing {unknown}
 q - a potion of heal wounds {unknown}
 s - 2 potions of brilliance
 t - a potion of degeneration {unknown}
 u - a potion of invisibility {unknown}
 w - a potion of berserk rage {unknown}
 z - a potion of haste {unknown}
 D - 2 potions of curing {unknown}
 E - a potion of magic {unknown}


   Skills:
 + Level 7.0 Fighting
 - Level 3.0 Dodging
 - Level 3.0 Shields
 * Level 9.3 Unarmed Combat


You had 8 spell levels left.
You didn't know any spells.
Your spell library contained the following spells:

 Spells                   Type           Power        Failure   Level
 Animate Skeleton         Necr           #.....       87%         1
 Apportation              Tloc           #.....       87%         1
 Corona                   Hex            #......      87%         1
 Shock                    Conj/Air       #...         87%         1
 Summon Small Mammal      Summ           #...         87%         1
 Swiftness                Air            #.......     95%         2
 Static Discharge         Conj/Air       #.......     99%         3
 Airstrike                Air            #.........   100%        4
 Lightning Bolt           Conj/Air       #.........   100%        5


Dungeon Overview and Level Annotations

Branches:
Dungeon (9/15)             Temple (1/1) D:5            Lair (0/6) D:8
    Orc: D:9-12

Altars:
Ashenzari
Cheibriados
Dithmenos
Elyvilon
Fedhas
Gozag
Hepliaklqana
Kikubaaqudgha
Makhleb
Nemelex Xobeh
Okawaru
Qazlal
Ru
Sif Muna
Trog
Uskayaw
Vehumet
Wu Jian
Xom
Yredelemnul
Zin
The Shining One


Innate Abilities, Weirdness & Mutations

You cannot wear most types of armour.
You are very stealthy in the water. (Stealth+)
You are amphibious.
You can wear up to eight rings at the same time.
You can use your tentacles to constrict eight enemies at once.
Your skin changes colour to match your surroundings (Stealth+).
Your rubbery body absorbs attacks. (AC +1, EV +1)
You cannot study or use magical devices.


Message History

Ouch! That really hurt!
* * * LOW HITPOINT WARNING * * *
You have reached level 9!
Your experience leads to an increase in your attributes!
Increase (S)trength, (I)ntelligence, or (D)exterity?
You feel stronger.
You start resting.
A hippogriff comes into view.
Throwing (i - inventory. (/) - cycle)
r - 26 poisoned darts (quivered)
Press: ? - help, Shift-Dir - straight line, f - hippogriff
Aim: a hippogriff (blue smoke)
You throw a poisoned dart. The poisoned dart hits the hippogriff.
The hippogriff is poisoned.
You hit the hippogriff. You burn the hippogriff.
You tentacle-slap the hippogriff. You squeeze the hippogriff.
The hippogriff is moderately wounded.
The hippogriff bites you.
* * * LOW HITPOINT WARNING * * *
The hippogriff pecks you!
You die...

*,,,,,..........,**,,,,***,,,,,,,
*,,,,,,........,,,,,,,,,,,,,,,,,,
*,,,,,,......,,,,**,,,,***,,,,,,,
*,**,**#...#*******,,,** *,,,,,,,
,,,,,###...#######*,,,,* *,,,,,,,
*,***#...#.......#****,* ********
#,* #.#...#.#*#.#****,***,**
#.####.#...#.###.#*,,,,,,,*,**
,....#.#......##@#*,**,*,,**,**
..##[......#§§##H#*,**,,*,***,**
#.o..#....§§§§##.##.#*,*,,,,,*,*
#....o..##§..§§.§§§.#**,,,,,,,***
#....##.....#§#####.#***,,,,,,,,,
$..........##§# *,,,,,,,,,,****
.....####.....# *,****,,,,,*
*#..** #.##### *,* ******* ,.,,**
#.# *,*


You could see a hippogriff (poisoned).

Vanquished Creatures
  Menkaure (D:6)
  An ice beast (D:5)
  A centaur (D:6)
  2 big kobolds (D:4)
  A bullfrog (D:6)
  A gnoll sergeant (D:5)
  2 scorpions
  2 howler monkeys (D:6)
  A bullfrog zombie (D:6)
  3 jellies
  An orc priest (D:6)
  A hound (D:4)
  Ijyb (D:5)
  3 orc wizards
  3 iguanas
  6 worker ants
  9 gnolls
  9 adders
  A shadow imp (D:5)
  A white imp (D:5)
  An ufetubus (D:6)
  An adder skeleton (D:4)
  An adder zombie (D:6)
  4 worms
  5 dart slugs
  4 leopard geckos
  20 orcs
  3 ball pythons
  3 giant cockroaches
  38 goblins
  29 hobgoblins
  9 bats
  7 frilled lizards
  14 kobolds
  2 leopard gecko skeletons
  2 quokka zombies (D:5)
  4 rats
197 creatures vanquished.

Vanquished Creatures (others)
  4 fungi (D:8)
  6 plants (D:8)
10 creatures vanquished.

Grand Total: 207 creatures vanquished

Notes
Turn   | Place    | Note
-------+----------+-------------------------------------------
     0 | D:1      | ringo67 the Octopode Fighter began the quest for the Orb.
     0 | D:1      | Reached XP level 1. HP: 16/16 MP: 1/1
   482 | D:1      | Reached XP level 2. HP: 21/21 MP: 2/2
  1079 | D:1      | Reached skill level 3 in Unarmed Combat
  1079 | D:1      | Reached XP level 3. HP: 26/26 MP: 3/3
  1655 | D:2      | Reached XP level 4. HP: 26/33 MP: 4/4
  2108 | D:2      | Reached skill level 4 in Unarmed Combat
  2470 | D:2      | Found a white marble altar of Elyvilon.
  2852 | D:3      | Reached XP level 5. HP: 37/37 MP: 5/5
  4295 | D:4      | Reached skill level 5 in Unarmed Combat
  4304 | D:4      | Reached XP level 6. HP: 40/44 MP: 6/6
  5517 | D:4      | Reached skill level 5 in Fighting
  5517 | D:4      | Reached skill level 6 in Unarmed Combat
  5517 | D:4      | Reached XP level 7. HP: 40/50 MP: 7/7
  6550 | D:5      | Entered Level 5 of the Dungeon
  6996 | D:5      | Reached skill level 7 in Unarmed Combat
  7199 | D:5      | Noticed Ijyb
  7224 | D:5      | Killed Ijyb
  7263 | D:5      | Found a staircase to the Ecumenical Temple.
  7280 | Temple   | Entered the Ecumenical Temple
  7437 | Temple   | Became a worshipper of Ru the Awakened
  7493 | D:5      | Reached XP level 8. HP: 56/57 MP: 8/8
  7769 | D:5      | Got a transparent spear
  7770 | D:5      | Identified the +11 spear of the Spider Nest {flame, rElec}
                  | (You found it on level 5 of the Dungeon)
  8510 | D:6      | Reached skill level 8 in Unarmed Combat
  9132 | D:6      | Noticed Menkaure
  9164 | D:6      | Killed Menkaure
  9243 | D:6      | Reached skill level 9 in Unarmed Combat
  9933 | D:7      | Found a snail-covered altar of Cheibriados.
  9937 | D:7      | You fall into a shaft and drop 2 floors!
  9944 | D:9      | Gained mutation: You cannot study or use magical devices.
                  | [Ru sacrifice]
  9944 | D:9      | Reached * piety under Ru
  9944 | D:9      | Reached ** piety under Ru
  9973 | D:9      | Noticed a hippogriff
 10005 | D:8      | Reached XP level 9. HP: 12/64 MP: 9/9
 10014 | D:8      | Slain by a hippogriff

Illustrated notes

Levels and vault maps discovered:
D:1:      minmay_arrival_checkered_box, layout_basic
D:2:      layout_loops_ring, nicolae_overflow_hidden_temple
D:3:      layout_basic, wander_ebering_terrifying_dragon_lair
D:4:      minmay_goblin_kobold_castle, layout_layer_cave,
          hangedman_decor_peaks_small
D:5:      layout_loops_ring, minmay_temple_entry_stoned_glass, minivault_25,
          kennysheep_small_spiral, uniq_ijyb
D:6:      layout_basic, serial_glass, glass_columns_c, glass_columns_c,
          uniq_menkaure
D:7:      layout_basic, kennysheep_mini, serial_shops, shop, basic_altar,
          gammafunk_ghost_cemetery
D:8:      layout_loops_cross, grunt_lair_entry_orc_guard_hut,
          nicolae_ossuary_entry_catacombs, jiyva_altar_1
D:9:      layout_gridville, david_orc_3, uniq_erica
Temple:   regret_index_temple_chain_breaker

Skill      XL: |  1  2  3  4  5  6  7  8 |
---------------+-------------------------+-----
Unarmed Combat | 3 4 5 6 7 9 |  9.3
Fighting       | 4 5 7 |  7.0
Dodging        | |  3.0
Shields        | |  3.0

Action                   |  1- 3 |  4- 6 |  7- 9 || total
-------------------------+-------+-------+-------++-------
Melee: Unarmed           |    54 |   177 |   101 ||   332
       Constrict         |    14 |    54 |    40 ||   108
       Tentacles         |    11 |    43 |    32 ||    86
       Punch             |     1 |     5 |    11 ||    17
       Spear             |       |       |    81 ||    81
Throw: Boomerang         |     3 |       |       ||     3
       Dart              |       |     4 |    22 ||    26
Invok: Sacrifice Artific |       |       |     1 ||     1
  Use: Scroll            |       |       |    14 ||    14
 Stab: Sleeping          |     6 |     6 |     2 ||    14
       Distracted        |       |       |     1 ||     1
Armor: Skin              |     6 |     9 |     4 ||    19
Dodge: Dodged            |    24 |    61 |    42 ||   127
Block: Kite shield       |    32 |    84 |    60 ||   176

Table legend: (Time is in decaauts)
 A = Elapsed time spent in this place.
 B = Non-inter-level travel time spent in this place.
 C = Inter-level travel time spent in this place.
 D = Time resting spent in this place.
 E = Time spent auto-exploring this place.
 F = Levels seen in this place.
 G = Mean time per level.
                   A        B        C        D        E       F      G
               +--------+--------+--------+--------+--------+-----+--------+
         Total |  10031 |   9763 |    268 |   3736 |   4349 |  10 | 1003.1 |
       Dungeon |   9851 |   9602 |    249 |   3736 |   4230 |   9 | 1094.6 |
        Temple |    180 |    161 |     19 |      0 |    119 |   1 |  180.0 |
               +--------+--------+--------+--------+--------+-----+--------+

Top non-repeatable levels by time:
     D:4: 3228 daAuts
     D:5: 1525 daAuts
     D:2: 1409 daAuts
     D:6: 1307 daAuts
     D:1: 1182 daAuts
     D:3: 1114 daAuts
  Temple: 180 daAuts
     D:9: 42 daAuts
     D:8: 34 daAuts
     D:7: 6 daAuts
